 Dungeon Crawl Stone Soup version 0.31-a0-662-g684573625c (webtiles) character file.

Game seed: 5857110247049689823

6660 erloom the Destroyer (level 10, -12/79 HPs)
             Began as a Green Draconian Conjurer on Sept 1, 2023.
             Was a Believer of Vehumet.
             Mangled by a komodo dragon (25 damage)
             ... on level 9 of the Dungeon.
             The game lasted 00:35:17 (12609 turns).

erloom the Destroyer (Green Draconian Conjurer)    Turns: 12609, Time: 00:35:18

Health: -12/79     AC: 10    Str: 15    XL:     10   Next: 73%
Magic:  16/29      EV: 12    Int: 28    God:    Vehumet [**....]
Gold:   425        SH:  5    Dex:  9    Spells: 16/27 levels left

rFire   . . .        k - +6 Majin-Bo {spellvamp, MP+6 Int+6}
rCold   . . .        (no shield)
rNeg    . . .        (body armour unavailable)
rPois   +            b - +0 hat
rElec   .            y - +0 cloak
rCorr   +            F - +1 pair of gloves
SInv    .            (no boots)
Will    .....        i - amulet of reflection
Stlth   ++           o - ring "Hyefua Peve" {rCorr Str+4 Slay+3}
HPRegen 0.33/turn    (no ring)
MPRegen 0.21/turn

%: reflection
@: no status effects
A: breathe noxious fumes, AC +7, unfitting armour, poison resistance,
cold-blooded
a: Breathe Noxious Fumes, Renounce Religion


You were on level 9 of the Dungeon.
You worshipped Vehumet.
Vehumet was pleased with you.
You visited 3 branches of the dungeon, and saw 11 of its levels.
You also visited: Sewer.

You collected 425 gold pieces.

Inventory:

Hand Weapons
 c - a +0 dagger
 k - the +6 Majin-Bo (weapon) {spellvamp, MP+6 Int+6}
   (You acquired it on level 9 of the Dungeon)

   Int+6:     It affects your intelligence (+6).
   MP+6:      It affects your magic capacity (+6).
 z - a +3 short sword of distortion
 A - a +4 falchion of freezing
Armour
 b - a +0 hat (worn)
 y - a +0 cloak (worn)
 F - a +1 pair of gloves (worn)
Jewellery
 i - an amulet of reflection (around neck)
 o - the ring "Hyefua Peve" (left hand) {rCorr Str+4 Slay+3}
   (You found it in a sewer)

   [ring of resist corrosion]

   Str+4:     It affects your strength (+4).
   Slay+3:    It affects your accuracy & damage with ranged weapons and melee
   (+3).
   rCorr:     It protects you from acid and corrosion.
 B - a ring of protection from cold
Talismans
 t - a flux talisman
Wands
 w - a wand of paralysis (6)
 x - a wand of mindburst (22)
 D - a wand of iceblast (10)
Scrolls
 d - 3 scrolls of teleportation {unknown}
 e - 4 scrolls of revelation {unknown}
 f - 2 scrolls of identify
 h - 2 scrolls of immolation {unknown}
 j - a scroll of noise
 l - 2 scrolls of vulnerability {unknown}
 m - 2 scrolls of blinking
 v - a scroll of butterflies
 E - a scroll of enchant weapon
 G - a scroll of torment
Potions
 a - a potion of haste {unknown}
 g - 3 potions of berserk rage {unknown}
 n - a potion of lignification {unknown}
 p - 3 potions of attraction {unknown}
 r - 4 potions of curing {unknown}
 s - 4 potions of degeneration {unknown}
 u - 2 potions of heal wounds {unknown}
 C - a potion of mutation {unknown}


   Skills:
 + Level 4.3 Fighting
 - Level 1.7 Dodging
 - Level 1.7 Stealth
 + Level 9.4 Spellcasting
 - Level 10.0 Conjurations
 - Level 6.0 Hexes
 - Level 5.0 Translocations


You had 16 spell levels left.
You knew the following spells:

 Your Spells              Type           Power      Damage    Failure   Level
a - Magic Dart            Conj           100%       1d8       1%          1
b - Searing Ray           Conj           100%       2d8       1%          2
c - Fulminant Prism       Conj/Hex       27%        3d14      1%          4
d - Iskenderun's Mystic   Conj/Tloc      53%        2d11      1%          4

Your spell library contained the following spells:

 Spells                   Type           Power      Damage    Failure   Level
 Scorch                   Fire           26%        2d6       6%          2
 Dazzling Flash           Conj/Hex       100%       N/A       1%          3
 Summon Guardian Golem    Hex/Summ       30%        N/A       3%          3
 Summon Small Mammal      Summ           52%        N/A       4%          1
 Call Canine Familiar     Summ           13%        N/A       13%         3
 Summon Mana Viper        Hex/Summ       30%        N/A       34%         5
 Summon Forest            Summ/Tloc      13%        N/A       38%         5
 Summon Cactus Giant      Summ           6%         N/A       100%        6


Dungeon Overview and Level Annotations

Branches:
Dungeon (9/15)             Temple (1/1) D:6            Lair (1/5) D:9
    Orc (0/2) D:9           Sewer (visited)

Altars:
Ashenzari
Cheibriados
Dithmenos
Elyvilon
Fedhas
Gozag
Hepliaklqana
Kikubaaqudgha
Makhleb
Nemelex Xobeh
Okawaru
Qazlal
Ru
Sif Muna
Trog
Uskayaw
Vehumet
Wu Jian
Xom
Yredelemnul
Zin
The Shining One

Shops:
D:2 !   D:5 [

Annotations:
D:8 1 runed translucent door, MrCrawl's ghost, novice MiBe


Innate Abilities, Weirdness & Mutations

You can breathe blasts of noxious fumes.
Your lurid green scales are hard. (AC +7)
You cannot fit into any form of body armour.
Your system is resistant to poisons. (rPois)
You are cold-blooded and may be slowed by cold attacks.


Message History

The searing ray hits the komodo dragon.
You feel better.
The komodo dragon is lightly wounded. (Press . to maintain the ray.)
Your fulminant prism crackles loudly.
The komodo dragon bites you!! The komodo dragon bites you!
Unknown command.
The searing ray misses the komodo dragon.
A nearby plant withers and dies.
Your fulminant prism explodes!
The blast of energy engulfs the komodo dragon!
You feel better.
You kill the komodo dragon!
Vehumet accepts your kill.
You feel your power returning.
The blast of energy engulfs the plant!!
The plant is lightly damaged.
The blast of energy engulfs the plant!!
The plant begins to die.
The plant is lightly damaged.
The blast of energy engulfs you!!
* * * LOW HITPOINT WARNING * * *
The blast of energy engulfs the plant!
The plant begins to die.
The plant is lightly damaged.
The blast of energy engulfs the fungus!!
The fungus is moderately damaged.
The komodo dragon bites you but does no damage.
You hear an angry hiss.
Your Fighting skill increases to level 4!
A nearby fungus withers and dies.
A nearby plant withers and dies.
The komodo dragon hisses menacingly.
You block the komodo dragon's attack.
You climb upwards.
Welcome back to the Dungeon!
There is a staircase to the Lair here.
Casting: Searing Ray (safe; 1% risk of failure)
Confirm with . or Enter, or press ? or * to list all spells.
Aiming: Fulminant Prism (dangerous; 1% risk of failure)
Press: ? - help, Dir - move target You conjure a prism of explosive energy!
* * * LOW HITPOINT WARNING * * *
A fulminant prism comes into view.
The komodo dragon bites you!!
You die...

.....................#...........
....................##...........
...............P.....#...........
##...........P..P...P............
.................P...............
..............P..................
.............P.P.P..P........####
..........P....####.P........# ##
##.............#@l#......#...###.
.........)..P..#..'*....####.##..
......#....P...####...P......#...
#.....#.>...P.P......P...........
...#...............P.............
...#.........[.........<.........
...##.............P..........[...
...##.......)..........#...#.....
######.................##.###....


You could see a komodo dragon (ally target) and a friendly fulminant prism.

Vanquished Creatures
  Jeremiah (D:7)
  Maggie (D:7)
  A komodo dragon (Lair:1)
  3 yaks (D:8)
  A wraith (D:8)
  A wyvern (D:8)
  A water moccasin (D:8)
  Duvessa (D:7)
  2 sky beasts
  3 ice beasts
  9 black bears
  6 orc warriors
  An ogre (D:5)
  3 centaurs
  A phantom (D:7)
  A kobold brigand (D:9)
  2 gnoll sergeants
  7 bullfrogs
  6 scorpions
  8 wights
  Dowan (D:7)
  4 killer bees (D:8)
  6 howler monkeys
  An iron imp (D:7)
  A jelly (D:6)
  A hound (D:5)
  5 orc priests
  4 iguanas (D:5)
  3 orc wizards
  Natasha (twice) (D:4)
  12 adders
  10 gnolls
  2 shadow imps (D:7)
  2 white imps (D:6)
  A worm (D:3)
  3 dart slugs
  27 orcs
  14 ball pythons
  4 bats
  16 endoplasms
  11 giant cockroaches
  8 goblins
  8 hobgoblins
  5 jackals
  19 quokkas
  12 frilled lizards
  14 kobolds
  6 rats
261 creatures vanquished.

Vanquished Creatures (others)
  28 fulminant prisms
28 creatures vanquished.

Grand Total: 289 creatures vanquished

Notes
Turn   | Place    | Note
-------+----------+-------------------------------------------
     0 | D:1      | erloom the Draconian Conjurer began the quest for the Orb.
     0 | D:1      | Reached XP level 1. HP: 14/14 MP: 3/3
   265 | D:1      | Reached XP level 2. HP: 20/20 MP: 1/5
  1222 | D:2      | Reached XP level 3. HP: 22/26 MP: 2/7
  1920 | D:2      | Found Popavor's Distillery.
  2160 | D:3      | Found a shadowy altar of Dithmenos.
  2194 | D:3      | Found a shimmering blue altar of Sif Muna.
  2305 | D:3      | Learned a level 2 spell: Searing Ray
  2317 | D:3      | Reached XP level 4. HP: 33/33 MP: 6/8
  2367 | D:3      | Found a glowing drain.
  2379 | D:3      | Reached skill level 5 in Conjurations
  2421 | Sewer    | Entered a sewer
  2982 | Sewer    | Reached XP level 5. HP: 38/38 MP: 5/10
  3571 | Sewer    | Reached skill level 6 in Conjurations
  3571 | Sewer    | Reached XP level 6. HP: 45/45 MP: 5/12
  3632 | Sewer    | Identified the ring "Hyefua Peve" {rCorr Str+4 Slay+3}
  3878 | D:3      | Found a sparkling altar of Nemelex Xobeh.
  3952 | D:3      | Found a bloodstained altar of Trog.
  4427 | D:4      | Reached skill level 5 in Spellcasting
  4603 | D:4      | Your scales start taking on a lurid green colour.
  4603 | D:4      | Reached XP level 7. HP: 50/50 MP: 4/14
  4603 | D:4      | Gained mutation: Your system is resistant to poisons.
                  | (rPois) [Green Draconian growth]
  5044 | D:4      | Noticed Natasha
  5048 | D:4      | Killed Natasha
  5062 | D:4      | Learned a level 4 spell: Fulminant Prism
  5122 | D:4      | Reached skill level 7 in Conjurations
  5451 | D:5      | Entered Level 5 of the Dungeon
  5454 | D:5      | Reached skill level 1 in Hexes
  5522 | D:5      | Found Segay's Armour Shop.
  5606 | D:4      | Noticed Natasha
  5608 | D:4      | Killed Natasha
  5730 | D:5      | Reached XP level 8. HP: 57/57 MP: 11/17
  6178 | D:5      | Found a hazy altar of Hepliaklqana.
  6278 | D:5      | Found a basalt altar of Yredelemnul.
  6434 | D:5      | Found an iron altar of Okawaru.
  6756 | D:6      | Reached skill level 8 in Conjurations
  7284 | D:6      | Found a staircase to the Ecumenical Temple.
  7293 | Temple   | Entered the Ecumenical Temple
  7320 | Temple   | Became a worshipper of Vehumet
  7479 | D:6      | Found an opulent altar of Gozag.
  7606 | D:7      | Learned a level 4 spell: Iskenderun's Mystic Blast
  7728 | D:7      | Reached XP level 9. HP: 62/62 MP: 11/19
  7965 | D:7      | Reached skill level 1 in Translocations
  8113 | D:7      | Noticed Dowan
  8577 | D:7      | Found a snail-covered altar of Cheibriados.
  8701 | D:7      | Reached * piety under Vehumet
  8701 | D:7      | Offered knowledge of Shock by Vehumet.
  8866 | D:7      | Noticed Jeremiah
  8922 | D:8      | Reached skill level 9 in Conjurations
  9101 | D:8      | Reached skill level 5 in Hexes
  9143 | D:8      | Found a runed translucent door.
  9143 | D:8      | Noticed MrCrawl's ghost (novice MiBe)
  9720 | D:8      | You fall into a shaft and drop 1 floor!
 10101 | D:8      | Reached XP level 10. HP: 26/69 MP: 8/22
 10682 | D:8      | Reached ** piety under Vehumet
 10682 | D:8      | Offered knowledge of Scorch by Vehumet.
 11417 | D:9      | Found a staircase to the Orcish Mines.
 11555 | D:9      | Reached skill level 10 in Conjurations
 11690 | D:9      | Reached skill level 1 in Fighting
 11690 | D:9      | Reached skill level 5 in Translocations
 11746 | D:9      | Found a staircase to the Lair.
 11881 | D:9      | Identified a scroll of acquirement
 11882 | D:9      | Acquired the +6 Majin-Bo {spellvamp, MP+6 Int+6}
 11882 | D:9      | Found the +6 Majin-Bo {spellvamp, MP+6 Int+6}
 12245 | D:7      | Killed Dowan
 12248 | D:7      | Noticed Duvessa
 12396 | D:7      | Killed Duvessa
 12403 | D:7      | Killed Jeremiah
 12410 | D:7      | Noticed Maggie
 12425 | D:7      | Killed Maggie
 12600 | Lair:1   | Entered Level 1 of the Lair of Beasts
 12609 | D:9      | Mangled by a komodo dragon

Illustrated notes

Levels and vault maps discovered:
D:1:      psy_arrival_conway, layout_loops_cross, chequers_serial_rivers_room_a
D:2:      layout_rooms, serial_shops, nicolae_shop_real_fake_doors,
          minmay_ruptured
D:3:      layout_loops_ring, mainiacjoe_overflow_alcove_2,
          mainiacjoe_overflow_surrounded_room, nicolae_sif_muna_condensation,
          mainiacjoe_overflow_concentric_impassable, gup_sewer_entry_glass,
          minmay_misc_feat_hallway, serial_bayou_lake_a
D:4:      layout_loops_ring, uniq_natasha
D:5:      layout_rooms, nicolae_hepliaklqana_hazy_memory, marbit_many_paths,
          nicolae_overflow_hidden_temple, serial_shops, shop
D:6:      layout_basic, grunt_gozag_statues,
          minmay_temple_entry_statues_fountains
D:7:      layout_basic, slow_altar_2, uniq_duvessa, uniq_jeremiah, uniq_maggie
D:8:      kennysheep_spiral_hall, layout_rooms, hellmonk_ghost_big_iron,
          chequers_serial_rivers_room_b
D:9:      layout_cave_pools, grunt_lair_entry_orc_guard_hut, orc_0_dummy,
          patterned_corridor
Temple:   oiseaux_autumnal_temple
Lair:1:   layout_gridlike, cheibrodos_lair_reptile_den

Skill      XL: |  1  2  3  4  5  6  7  8  9 10 |
---------------+-------------------------------+-----
Spellcasting   | 3 4 5 6 7 8 9 |  9.4
Conjurations   | 5 6 7 8 9 10 | 10.0
Hexes          | 2 4 5 6 |  6.0
Translocations | 3 5 |  5.0
Fighting       | 4 |  4.3
Dodging        | |  1.7
Stealth        | |  1.7

Action                     |  1- 3 |  4- 6 |  7- 9 | 10-12 || total
---------------------------+-------+-------+-------+-------++-------
  Melee: Dagger            |    12 |     3 |     2 |       ||    17
         Tailslap          |     1 |       |       |       ||     1
         Falchion          |       |       |       |     1 ||     1
   Cast: Magic Dart        |   102 |   109 |    72 |    38 ||   321
         Searing Ray       |       |    12 |    80 |    43 ||   135
         Fulminant Prism   |       |       |     8 |    21 ||    29
    Use: Scroll            |       |       |       |     6 ||     6
         Potion            |       |       |       |     2 ||     2
 Armour: Skin              |    26 |    11 |    80 |    40 ||   157
  Dodge: Dodged            |    32 |    24 |    63 |    35 ||   154
  Block: Other             |       |     8 |    18 |    10 ||    36
         Reflection        |       |       |       |     2 ||     2

Table legend: (Time is in decaauts)
 A = Elapsed time spent in this place.
 B = Non-inter-level travel time spent in this place.
 C = Inter-level travel time spent in this place.
 D = Time resting spent in this place.
 E = Time spent auto-exploring this place.
 F = Levels seen in this place.
 G = Mean time per level.
                   A        B        C        D        E       F      G
               +--------+--------+--------+--------+--------+-----+--------+
         Total |  12856 |  12436 |    420 |    559 |   9393 |  12 | 1071.3 |
       Dungeon |  11384 |  11015 |    369 |    559 |   8387 |   9 | 1264.9 |
        Temple |     54 |      4 |     50 |      0 |      0 |   1 |   54.0 |
          Lair |      7 |      7 |      0 |      0 |      0 |   1 |    7.0 |
         Sewer |   1409 |   1409 |      0 |      0 |   1006 |   1 | 1409.0 |
               +--------+--------+--------+--------+--------+-----+--------+

Top non-repeatable levels by time:
     D:7: 1783 daAuts
     D:8: 1560 daAuts
     D:9: 1441 daAuts
     D:1: 1436 daAuts
   Sewer: 1409 daAuts
     D:4: 1216 daAuts
     D:5: 1156 daAuts
     D:6: 1065 daAuts
     D:3: 1036 daAuts
     D:2: 688 daAuts
  Temple: 54 daAuts
  Lair:1: 7 daAuts
